 Dungeon Crawl Stone Soup version 0.26-a0-597-gb535b0901c (webtiles) character file.

Game seed: 3316360429921783377

7249 GeoCrane the Cleaver (level 10, -19/92 HPs)
             Began as a Minotaur Fighter on Aug 26, 2020.
             Was a High Priest of Okawaru.
             Killed from afar by an orc priest (37 damage)
             ... with an exploding inner flame
             ... hexed by the player character
             ... on level 10 of the Dungeon.
             The game lasted 00:28:49 (8789 turns).

GeoCrane the Cleaver (Minotaur Fighter)             Turns: 8789, Time: 00:28:50

Health: -19/92     AC: 19    Str: 24      XL:     10   Next: 88%
Magic:  9/9        EV:  9    Int:  5      God:    Okawaru [*****.]
Gold:   520        SH: 12    Dex:  9 (10) Spells: 9/9 levels left

rFire    . . .     SeeInvis .   a - +1 war axe
rCold    . . .     Faith    .   c - +0 kite shield
rNeg     . . .     Spirit   .   k - +9 scale mail of the Cockroach {MR++}
rPois    .         Reflect  .   (helmet restricted)
rElec    .         Harm     .   (no cloak)
rCorr    .                      (no gloves)
MR       +++..                  x - +0 pair of boots
Stlth    ..........             r - amulet of regeneration
HPRegen  0.65/turn              m - ring of protection from magic
MPRegen  0.11/turn              o - ring of flight

@: no status effects
A: retaliatory headbutt, horns 2
a: Heroism, Finesse, Renounce Religion, Evoke Flight


You were on level 10 of the Dungeon.
You worshipped Okawaru.
Okawaru was extremely pleased with you.
You visited 3 branches of the dungeon, and saw 12 of its levels.

You collected 520 gold pieces.

Inventory:

Hand Weapons
 a - a +1 war axe (weapon)
Armour
 b - a +0 scale mail
 c - a +0 kite shield (worn)
 k - the +9 scale mail of the Cockroach (worn) {MR++}
   (Okawaru gifted it to you on level 9 of the Dungeon)

   It affects your resistance to hostile enchantments.
 x - a +0 pair of boots (worn)
Jewellery
 m - a ring of protection from magic (left hand)
 o - a ring of flight (right hand)
 r - an amulet of regeneration (around neck)
 v - a +6 ring of intelligence
 F - an uncursed ring of poison resistance {unknown}
 J - an uncursed ring of poison resistance {unknown}
Wands
 p - a wand of flame (29)
 B - a wand of iceblast (31)
 C - a wand of enslavement (19)
 H - a wand of disintegration (6)
 I - a wand of digging (7)
Scrolls
 f - 4 scrolls of identify
 l - a scroll of blinking
 n - 3 scrolls of enchant weapon
 q - a scroll of teleportation
 t - 8 scrolls of remove curse
 D - a scroll of magic mapping {unknown}
 E - a scroll of enchant armour {unknown}
 K - a scroll of acquirement {unknown}
 L - 3 scrolls of fear
Potions
 d - a potion of might
 e - 6 potions of curing
 g - 3 potions of mutation
 h - 2 potions of ambrosia {unknown}
 i - 3 potions of stabbing
 j - a potion of brilliance
 u - 3 potions of heal wounds
 w - 3 potions of lignification {unknown}
 z - 2 potions of flight {unknown}
 A - 2 potions of cancellation {unknown}
 G - a potion of magic {unknown}
Miscellaneous
 M - a tin of tremorstones (inert)


   Skills:
 + Level 9.7 Fighting
 * Level 12.6 Axes
 + Level 9.7 Armour
 + Level 9.7 Shields


You had 9 spell levels left.
You didn't know any spells.
Your spell library contained the following spells:

 Spells                   Type           Power        Failure   Level
 Animate Skeleton         Necr           #.....       92%         1
 Pain                     Necr           #...         92%         1
 Vampiric Draining        Necr           #.........   100%        3
 Animate Dead             Necr           #.........   100%        4
 Agony                    Necr           #.......     100%        5


Dungeon Overview and Level Annotations

Branches:
Dungeon (10/15)            Temple (1/1) D:4            Lair (0/6) D:8
    Orc (1/2) D:10

Altars:
Ashenzari
Cheibriados
Dithmenos
Elyvilon
Fedhas
Gozag
Hepliaklqana
Kikubaaqudgha
Makhleb
Nemelex Xobeh
Okawaru
Qazlal
Ru
Sif Muna
Trog
Uskayaw
Vehumet
Wu Jian
Xom
Yredelemnul
Zin
The Shining One

Shops:
D:6 =   D:9 (   D:10 (   Orc:1 }

Annotations:
D:5 Prince Ribbit


Innate Abilities, Weirdness & Mutations

You reflexively headbutt those who attack you in melee.
You have a pair of horns on your head.


Message History

Things that are here:
a +0 chain mail; a +0 long sword; an orc corpse
Things that are here:
a +0 leather armour; a +0 whip You closely miss the orc wizard.
You hit the orc priest.
Flame seeps out of the orc priest.
You headbutt the orc priest, but do no damage.
The orc priest is lightly wounded.
You hit the orc wizard.
Flame seeps out of the orc wizard.
The orc wizard is engulfed in blazing flames.
Flame seeps out of the orc wizard.
You block the orc wizard's attack.
The orc priest is engulfed in blazing flames.
The orc priest explodes!
The fiery explosion engulfs the orc wizard!!!
The orc wizard explodes!
The fiery explosion engulfs you!
* * * LOW HITPOINT WARNING * * *
Okawaru accepts your kill. The fiery explosion engulfs you!!!
You die...

..#..................§.§≈≈§§§≈≈..
#.#.....>.............§...§≈.....
..#.....o..........#........§....
).##..##.###..###.[#....#....####
...#####.###..##...#####....##
...#...o.##....#.#######.##.#
...#...K.##....#.#8...8#.##.#
...#..K..##....#§#.....#.##.#
...#'###########@○o.>..#....#####
...............#○#.....#.........
#.....#####...##§#8...8##########
#.....# #....#.####### <^..
#.....#####...)......... .....
........................ ......
######################## ######


You could see an orc (inner flame, strong).

Vanquished Creatures
  A two-headed ogre (D:10)
  3 trolls (D:10)
  A hippogriff (D:8)
  Sigmund (D:6)
  Menkaure (D:7)
  Edmund (D:6)
  A soldier ant (D:10)
  A water moccasin (D:8)
  2 porcupines (D:7)
  3 orc warriors
  2 ice beasts (D:5)
  A sky beast (D:7)
  12 ogres
  2 centaurs
  2 crocodiles
  7 big kobolds
  2 gnoll sergeants (D:10)
  5 bullfrogs
  4 scorpions
  3 killer bees (D:9)
  7 wights
  A jelly (D:5)
  A howler monkey (D:10)
  2 quasits
  A centaur skeleton (D:6)
  3 orc priests
  2 bullfrog skeletons
  7 hounds
  Ijyb (D:5)
  3 iguanas
  13 orc wizards
  7 worker ants
  A hound zombie (D:7)
  A hound skeleton (D:10)
  A mummy (D:5)
  9 gnolls
  A howler monkey skeleton (D:10)
  8 adders
  2 shadow imps (D:8)
  2 white imps
  4 ufetubi
  An adder skeleton (D:7)
  A worm (D:5)
  2 dart slugs (D:4)
  8 leopard geckos
  43 orcs
  A ball python (D:2)
  10 giant cockroaches
  5 goblins
  3 hobgoblins
  17 jackals
  6 kobolds (D:9)
  5 quokkas
  5 bats
  5 frilled lizards
  A leopard gecko skeleton (D:4)
  A leopard gecko zombie (D:8)
  7 rats
253 creatures vanquished.

Vanquished Creatures (others)
  2 fungi (D:8)
  7 plants (D:8)
9 creatures vanquished.

Grand Total: 262 creatures vanquished

Notes
Turn   | Place    | Note
-------+----------+-------------------------------------------
     0 | D:1      | GeoCrane the Minotaur Fighter began the quest for the Orb.
     0 | D:1      | Reached XP level 1. HP: 19/19 MP: 0/0
   236 | D:1      | Reached XP level 2. HP: 22/27 MP: 1/1
   477 | D:2      | Found a sparkling altar of Nemelex Xobeh.
   478 | D:2      | Found a burning altar of Makhleb.
   567 | D:2      | Reached skill level 3 in Axes
   604 | D:2      | Found a radiant altar of Vehumet.
   758 | D:2      | Found a sacrificial altar of Ru.
   846 | D:2      | Reached XP level 3. HP: 33/33 MP: 2/2
   964 | D:2      | Found a faded altar of an unknown god.
  1349 | D:3      | Reached XP level 4. HP: 39/40 MP: 3/3
  2022 | D:4      | Reached skill level 4 in Axes
  2326 | D:4      | Found a staircase to the Ecumenical Temple.
  2332 | Temple   | Entered the Ecumenical Temple
  2363 | Temple   | Became a worshipper of Warmaster Okawaru
  2537 | D:4      | Reached XP level 5. HP: 34/47 MP: 4/4
  2557 | D:4      | Reached skill level 5 in Axes
  2765 | D:4      | Found a white marble altar of Elyvilon.
  2776 | D:4      | Noticed an ogre
  2839 | D:4      | Killed an ogre
  2839 | D:4      | Reached skill level 5 in Fighting
  2839 | D:4      | Reached skill level 5 in Armour
  2839 | D:4      | Reached skill level 5 in Shields
  2839 | D:4      | Reached XP level 6. HP: 56/56 MP: 5/5
  2842 | D:4      | Reached * piety under Okawaru
  2968 | D:4      | Reached skill level 6 in Axes
  2968 | D:4      | Reached XP level 7. HP: 37/61 MP: 6/6
  3539 | D:5      | Entered Level 5 of the Dungeon
  4005 | D:5      | Found a stormy altar of Qazlal.
  4114 | D:5      | Reached skill level 7 in Axes
  4142 | D:5      | Noticed Ijyb
  4150 | D:5      | Killed Ijyb
  4150 | D:5      | Reached ** piety under Okawaru
  4274 | D:5      | Reached XP level 8. HP: 60/70 MP: 7/7
  4526 | D:6      | Found an iron altar of Okawaru.
  4526 | D:6      | Found a snail-covered altar of Cheibriados.
  4526 | D:6      | Noticed Prince Ribbit
  4831 | D:6      | Noticed Sigmund
  4883 | D:5      | Reached skill level 8 in Axes
  4969 | D:6      | Found a shattered altar of Ashenzari.
  5004 | D:6      | Reached *** piety under Okawaru
  5011 | D:6      | Killed Sigmund
  5062 | D:6      | Identified the cursed +3 whip of the Pyrrhic Victory
                  | {vorpal, rF+ Str+7 Dex-2}
  5095 | D:6      | Reached skill level 9 in Axes
  5250 | D:6      | Noticed Edmund
  5261 | D:6      | Killed Edmund
  5261 | D:6      | Reached XP level 9. HP: 52/79 MP: 8/8
  5326 | D:6      | Found a shattered altar of Ashenzari.
  5596 | D:6      | Found a burning altar of Makhleb.
  5632 | D:6      | Found Musufeag's Jewellery Shop.
  5739 | D:7      | Noticed Menkaure
  5746 | D:7      | Killed Menkaure
  5926 | D:7      | Reached **** piety under Okawaru
  6162 | D:8      | Reached skill level 10 in Axes
  6492 | D:8      | Reached ***** piety under Okawaru
  6492 | D:8      | Reached skill level 11 in Axes
  6909 | D:8      | Found a staircase to the Lair.
  6916 | D:8      | Reached XP level 10. HP: 76/90 MP: 9/9
  7350 | D:9      | Received a gift from Okawaru
  7351 | D:9      | Got a heavily runed scale mail {god gift}
  7365 | D:9      | Identified the +9 scale mail of the Cockroach {MR++}
                  | (Okawaru gifted it to you on level 9 of the Dungeon)
  7517 | D:9      | Found Oset's Weapon Emporium.
  7828 | D:10     | Entered Level 10 of the Dungeon
  7878 | D:10     | Noticed a lindwurm
  7889 | D:10     | Noticed a lindwurm
  7893 | D:10     | Noticed a lindwurm
  8115 | D:10     | Reached skill level 12 in Axes
  8214 | D:10     | Noticed a two-headed ogre
  8222 | D:10     | Killed a two-headed ogre
  8542 | D:10     | Found Orananki's Weapon Boutique.
  8608 | D:10     | Found a staircase to the Orcish Mines.
  8665 | D:10     | Noticed a lindwurm
  8773 | Orc:1    | Entered Level 1 of the Orcish Mines
  8773 | Orc:1    | Found Awaduiwiko's Gadget Boutique.
  8775 | Orc:1    | Noticed an orc sorcerer
  8779 | Orc:1    | Noticed an orc knight
  8780 | Orc:1    | Noticed a sixfirhy
  8789 | D:10     | Killed from afar by an orc priest

Illustrated notes

Levels and vault maps discovered:
D:1:      evilmike_arrival_hilbert_curve, layout_rooms
D:2:      layout_basic, vehumet_crystals, gammafunk_temple_overflow_statue,
          chequers_ecumenical_altar_twisty, hangedman_ru_absence
D:3:      layout_loops_ring
D:4:      minmay_thinvault, layout_basic, overflow_temple_1_default,
          minmay_temple_entry_nine_rooms, minmay_fountain_box,
          minmay_misc_feat_diagonals
D:5:      layout_loops_corners, nicolae_qazlal_eye_of_the_storm, minivault_27,
          uniq_ijyb
D:6:      layout_basic, slow_altar_1, basic_altar,
          minmay_shop_enchanted_jewellery, grunt_ministairs_1,
          hangedman_feature_mirror, cheibrodos_ashenzari_chains, uniq_sigmund,
          uniq_prince_ribbit1, uniq_edmund
D:7:      layout_rooms, minmay_fractal_squares_gapless_5, uniq_menkaure
D:8:      layout_cave_pools, grunt_lair_entry_orc_guard_hut
D:9:      layout_loops_ring, serial_shops, nicolae_shop_crystal,
          nicolae_two_hexagons
D:10:     layout_stronghold, kennysheep_orc_monster_closet_entryway,
          serial_shops, nicolae_shop_window_shopping, minmay_lindwurm_lava
Temple:   nicolae_temple_elliptical
Orc:1:    layout_caves, serial_shops, nicolae_shop_stone, shop,
          nicolae_shop_crystal, shop_statue

Skill      XL: |  1  2  3  4  5  6  7  8  9 10 |
---------------+-------------------------------+-----
Axes           | 3 4 5 6 7 9 11 12 | 12.6
Shields        | 4 5 6 7 8 9 |  9.7
Fighting       | 4 5 6 7 8 9 |  9.7
Armour         | 4 5 6 7 8 9 |  9.7

Action                   |  1- 3 |  4- 6 |  7- 9 | 10-12 || total
-------------------------+-------+-------+-------+-------++-------
Melee: War axe           |    68 |    88 |   353 |   202 ||   711
       Headbutt          |    10 |    16 |    69 |    41 ||   136
Evoke: Tin of tremorston |       |       |       |     3 ||     3
  Use: Potion            |       |     1 |       |     1 ||     2
       Scroll            |       |       |    13 |     2 ||    15
Armor: Scale mail        |    40 |    41 |   105 |   103 ||   289
Dodge: Dodged            |    21 |    16 |   102 |    64 ||   203
Block: Kite shield       |    20 |    50 |   196 |   134 ||   400

Table legend: (Time is in decaauts)
 A = Elapsed time spent in this place.
 B = Non-inter-level travel time spent in this place.
 C = Inter-level travel time spent in this place.
 D = Time resting spent in this place.
 E = Time spent auto-exploring this place.
 F = Levels seen in this place.
 G = Mean time per level.
                   A        B        C        D        E       F      G
               +--------+--------+--------+--------+--------+-----+--------+
         Total |   8899 |   8517 |    382 |    558 |   6094 |  12 |  741.6 |
       Dungeon |   8734 |   8379 |    355 |    558 |   5970 |  10 |  873.4 |
        Temple |    155 |    128 |     27 |      0 |    124 |   1 |  155.0 |
  Orcish Mines |      9 |      9 |      0 |      0 |      0 |   1 |    9.0 |
               +--------+--------+--------+--------+--------+-----+--------+

Top non-repeatable levels by time:
     D:4: 1442 daAuts
     D:5: 1411 daAuts
     D:9: 930 daAuts
    D:10: 899 daAuts
     D:2: 789 daAuts
     D:3: 762 daAuts
     D:6: 748 daAuts
     D:7: 705 daAuts
     D:8: 565 daAuts
     D:1: 479 daAuts
  Temple: 155 daAuts
   Orc:1: 9 daAuts
